 Dungeon Crawl Stone Soup version 0.22.1-2-g9c5b331383 (webtiles) character file.

255 Marnok the Cutter (level 5, -5/49 HPs)
             Began as a Troll Assassin on Nov 24, 2018.
             Slain by a hound (6 damage)
             ... on level 7 of the Dungeon.
             The game lasted 00:16:22 (2337 turns).

Marnok the Cutter (Troll Assassin)                  Turns: 2337, Time: 00:16:22

Health: -5/49      AC:  6    Str: 19 (22) XL:     5   Next: 91%
Magic:  4/4        EV: 10    Int:  4 (7)  God:
Gold:   114        SH:  0    Dex:  9 (11) Spells: 4/4 levels left

rFire    . . .     SeeInvis .   a - +3 dagger
rCold    . . .     Gourm    +   (no shield)
rNeg     . . .     Faith    .   c - +0 robe
rPois    +         Spirit   .   (helmet restricted)
rElec    .         Reflect  .   d - +0 cloak
rCorr    .         Harm     .   (gloves unavailable)
MR       .....                  (boots unavailable)
Stlth    ++........             (no amulet)
HPRegen  0.56/turn              k - +2 ring of strength
MPRegen  0.09/turn              i - ring of poison resistance

@: no status effects
A: large, unfitting armour, claws 3, fast metabolism 3, gourmand, regeneration
1, shaggy fur 1, tough skin 2
a: no special abilities


You were on level 7 of the Dungeon.
You were not hungry.

You visited 1 branch of the dungeon, and saw 7 of its levels.

You collected 189 gold pieces.
You spent 75 gold pieces at shops.

Inventory:

Hand Weapons
 a - a +3 dagger (weapon)
 b - a +0 blowgun
 h - a +1 war axe of freezing
 j - a +0 hunting sling of flaming
 m - a +0 war axe of venom
Missiles
 e - 25 poisoned needles
 f - 2 curare-tipped needles
Armour
 c - a +0 robe (worn)
 d - a +0 cloak (worn)
Jewellery
 i - a ring of poison resistance (right claw)
 k - a +2 ring of strength (left claw)
 o - an uncursed ring of fire
Wands
 l - a wand of enslavement (16)
 q - a wand of acid (9)
Scrolls
 r - 2 scrolls of identify
Potions
 n - 2 potions of berserk rage {unknown}
 p - a potion of lignification
Comestibles
 g - 5 rations
 t - 4 chunks of flesh


   Skills:
 + Level 2.2 Fighting
 + Level 3.2 Short Blades
 + Level 2.0 Throwing
 + Level 2.3 Dodging
 + Level 2.9 Stealth


You had 4 spell levels left.
You didn't know any spells.
Your spell library was empty.

Dungeon Overview and Level Annotations

Branches:
Dungeon (7/15)
 Temple: D:4-7

Altars:
Beogh

Shops:
D:4 =

Annotations:
D:5 Eustachio


Innate Abilities, Weirdness & Mutations

You are too large for most types of armour.
You have claws for hands.
Your metabolism is lightning-fast.
You like to eat raw meat.
Your natural rate of healing is unusually fast.
You are covered in fur. (AC +1)
You have very tough skin. (AC +2)


Message History

The howler monkey hits you but does no damage.
You barely miss the howler monkey.
The howler monkey is heavily wounded.
Something hits you. The hound bites you but does no damage.
The howler monkey hits you. The hound bites you.
* * * LOW HITPOINT WARNING * * *
The hound bites you.
* * * LOW HITPOINT WARNING * * *
The howler monkey hoots and howls with incredible vigour!
Something hits you.
* * * LOW HITPOINT WARNING * * *
Something hits you but does no damage. The hound bites you.
* * * LOW HITPOINT WARNING * * *
You hear a blaring wail to the south.
You hear an angry hiss.
You hear a shout!
You hear an angry growl.
There is a stone staircase leading up here.
Something hits you.
* * * LOW HITPOINT WARNING * * *
The hound bites you.
You die...

.# .####.##. .#
# ##.........
.#.#
#<......#.. .#.
####.#..#!. ..
...?#..###.#
..... ...#
...##.Z##..#.#
.....$..h@...#
......>.h....#
...........#.#
...........# #
#............
....%....#...#
.....#.........
..##.#.#.....##


You could see a howler monkey, a hound and a bullfrog skeleton.

Vanquished Creatures
  A bullfrog (D:6)
  An orc priest (D:4)
  A hound (D:4)
  A centaur skeleton (D:6)
  4 adders
  2 worms
  3 dart slugs
  A leopard gecko (D:1)
  9 orcs
  3 bats (D:1)
  4 goblins
  3 hobgoblins
  4 jackals (D:4)
  A kobold (D:1)
  A quokka (D:3)
  3 frilled lizards
  A jackal skeleton (D:4)
  2 leopard gecko skeletons (D:4)
  3 rats (D:1)
48 creatures vanquished.

Notes
Turn   | Place    | Note
-------+----------+-------------------------------------------
     0 | D:1      | Marnok the Troll Assassin began the quest for the Orb.
     0 | D:1      | Reached XP level 1. HP: 19/19 MP: 0/0
   325 | D:1      | Reached XP level 2. HP: 27/27 MP: 1/1
   402 | D:1      | Reached skill level 1 in Dodging
   819 | D:3      | Reached XP level 3. HP: 30/33 MP: 2/2
   951 | D:3      | Found a roughly hewn altar of Beogh.
  1010 | D:4      | Reached skill level 2 in Short Blades
  1010 | D:4      | Reached XP level 4. HP: 18/42 MP: 3/3
  1117 | D:4      | Found Naess's Jewellery Boutique.
  1125 | D:4      | Bought a +2 ring of strength for 75 gold pieces
  1271 | D:5      | Entered Level 5 of the Dungeon
  1503 | D:4      | Reached XP level 5. HP: 15/49 MP: 4/4
  1591 | D:5      | Noticed a sky beast
  1775 | D:5      | Noticed Eustachio
  2234 | D:6      | Reached skill level 3 in Short Blades
  2337 | D:7      | HP: 1/49 [something (2)]
  2337 | D:7      | Slain by a hound

Skill      XL: |  1  2  3  4  5 |
---------------+----------------+-----
Dodging        | 1 2 |  2.3
Short Blades   | 2 3 |  3.2
Fighting       | 2 |  2.2
Throwing       | 2 |  2.0
Stealth        | |  2.9

Action                   |  1- 3 |  4- 6 || total
-------------------------+-------+-------++-------
Melee: Dagger            |   111 |   132 ||   243
 Fire: Blowgun           |       |     4 ||     4
  Use: Scroll            |     3 |     5 ||     8
       Potion            |     2 |     1 ||     3
 Stab: Sleeping          |     1 |     1 ||     2
  Eat: Chunk             |     2 |     6 ||     8
       Ration            |     1 |     2 ||     3
Armor: Robe              |    56 |    64 ||   120
       Skin              |     5 |     2 ||     7
Dodge: Dodged            |    42 |    63 ||   105
